 Dungeon Crawl Stone Soup version 0.24.0-123-gd5b16e6ec5 (webtiles) character file.

Game seed: 5956921451442047804, levelgen mode: deterministic

93 Ponchio the Digger (level 4, -2/24 HPs)
             Began as a Deep Elf Earth Elementalist on Jan 20, 2020.
             Slain by a worm (8 damage)
             ... on level 2 of the Dungeon.
             The game lasted 00:05:04 (979 turns).

Ponchio the Digger (Deep Elf Earth Elementalist)     Turns: 979, Time: 00:05:05

Health: -2/24      AC:  2    Str:  4 (5)  XL:     4   Next: 36%
Magic:  12/12      EV: 13    Int: 19 (21) God:
Gold:   100        SH:  0    Dex: 13 (15) Spells: 10/11 levels left

rFire    . . .     SeeInvis .   h - +0 dagger (pain)
rCold    . . .     Gourm    .   (no shield)
rNeg     . . .     Faith    .   c - +0 robe
rPois    .         Spirit   .   (no helmet)
rElec    .         Reflect  .   (no cloak)
rCorr    .         Harm     .   (no gloves)
MR       .....                  (no boots)
Stlth    ++........             (no amulet)
HPRegen  0.08/turn              (no ring)
MPRegen  0.13/turn              (no ring)

@: very slightly contaminated
A: no striking features
a: no special abilities


You were on level 2 of the Dungeon.
You were not hungry.

You visited 1 branch of the dungeon, and saw 2 of its levels.

You collected 100 gold pieces.

Inventory:

Hand Weapons
 h - a +0 dagger of pain (weapon)
Armour
 c - a +0 robe (worn)
Scrolls
 i - a scroll of identify
Potions
 f - a potion of cancellation
Comestibles
 d - 7 rations


   Skills:
 - Level 2.4 Dodging
 - Level 2.4 Stealth
 + Level 4.3 Spellcasting
   Level 1.1 Transmutations
 * Level 5.0 Earth Magic


You had 10 spell levels left.
You knew the following spells:

 Your Spells              Type           Power        Failure   Level  Hunger
a - Sandblast             Erth           ###...       1%          1    None

Your spell library contained the following spells:

 Spells                   Type           Power        Failure   Level  Hunger
 Passwall                 Tmut/Erth      ###.....     5%          2    #......
 Stone Arrow              Conj/Erth      ##....       14%         3    ###....
 Petrify                  Tmut/Erth      ###.....     36%         4    ####...
 Lee's Rapid Deconstruct  Erth           ###.......   41%         5    ######.


Dungeon Overview and Level Annotations

Branches:
Dungeon (2/15)

Altars:


Message History

The worm is heavily wounded.
The worm barely misses you.
You hit the worm.
The worm is heavily wounded.
The worm closely misses you.
You hit the worm but do no damage.
The worm is heavily wounded.
You flicker back into view.
You hit the worm but do no damage.
The worm is heavily wounded.
The worm barely misses you.
You hit the worm.
The worm is heavily wounded.
You barely miss the worm.
The worm is heavily wounded.
The worm misses you.
You hit the worm but do no damage.
The worm is heavily wounded.
The worm bites you!
You die...

##.** #.w........#***,,,,,,,,,
#...* #.##s#####.* *******,**
#...#####†##....#*,******** *,**
#........w#####.#*,,,,,,,,* *,**
##...##...%..# #w#*,,,,,,,,*
*,** ...........#.#
#§#,,,,,,,,,* *,,,
...........#.# #§#,,,,,,,,,*
****
.......†.#.#*#*#w#,,,,,,,,,*
****
##......##...,*#@#**,,,,,,,*
*,,, #...####)..†..### *,,,,,,,*
*,** #...# *,,......# *********
*,* ##..[# *,,.!....# *,* ....##
*,,......###### *,*
.....###,,.!....#....# *,*
####...#*,,,,,,##..#.####### *,*
####..##**,,,,*#.<.........#**,*
..##..##############.#####.,,,,*


You could see a worm.

Vanquished Creatures
  An iguana (D:2)
  An adder (D:2)
  2 oozes (D:2)
  A worm (D:2)
  A dart slug (D:1)
  2 leopard geckos (D:1)
  10 bats (D:1)
  10 giant cockroaches (D:2)
  A goblin (D:1)
  2 hobgoblins (D:1)
  A quokka (D:2)
  2 frilled lizards
  4 kobolds
  2 rats (D:1)
40 creatures vanquished.

Notes
Turn   | Place    | Note
-------+----------+-------------------------------------------
     0 | D:1      | Ponchio the Deep Elf Earth Elementalist began the quest for
                  | the Orb.
     0 | D:1      | Reached XP level 1. HP: 10/10 MP: 6/6
   182 | D:1      | Reached XP level 2. HP: 15/15 MP: 5/8
   245 | D:1      | Reached skill level 4 in Earth Magic
   698 | D:2      | Reached XP level 3. HP: 19/19 MP: 8/10
   823 | D:2      | Reached XP level 4. HP: 24/24 MP: 8/12
   906 | D:2      | Reached skill level 5 in Earth Magic
   979 | D:2      | Slain by a worm

Levels and vault maps discovered:
D:1:      lightli_molten_gateway, layout_basic
D:2:      minmay_roachtagon, layout_loops_cross

Skill      XL: |  1  2  3  4 |
---------------+-------------+-----
Earth Magic    | 4 5 |  5.0
Spellcasting   | 4 |  4.3
Dodging        | |  2.4
Stealth        | |  2.4
Transmutations | |  1.1

Action                   |  1- 3 |  4- 6 || total
-------------------------+-------+-------++-------
Melee: Dagger            |    12 |    75 ||    87
 Cast: Sandblast         |    29 |     8 ||    37
  Use: Scroll            |     3 |     1 ||     4
       Potion            |       |     2 ||     2
 Stab: Sleeping          |     2 |       ||     2
       Invisible         |       |     4 ||     4
Armor: Robe              |     3 |    20 ||    23
Dodge: Dodged            |    13 |    56 ||    69
